 Dungeon Crawl Stone Soup version 0.20.1-1-g8b1a95d (webtiles) character file.

2162648 dvd the Malleable (level 27, 195/215 HPs)
             Began as a Merfolk Transmuter on Oct 21, 2017.
             Was the Champion of Sif Muna.
             Escaped with the Orb
             ... and 4 runes on Oct 24, 2017!
             The game lasted 07:14:21 (83682 turns).

dvd the Malleable (Merfolk Transmuter)             Turns: 83682, Time: 07:14:22

Health: 195/215    AC: 25    Str: 21    XL:     27
Magic:  37/41      EV: 30    Int: 34    God:    Sif Muna [******]
Gold:   6424       SH: 24    Dex: 18    Spells: 4/63 levels left

rFire    + + .     SeeInvis +     - Unarmed
rCold    + . .     Gourm    .   l - +5 shield {reflect}
rNeg     + . .     Faith    .   Y - +4 ring mail of the Equator {+Blink rElec rN+ MR+}
rPois    +         Spirit   +   C - +3 crown of Dyrovepreva {rElec Int+2 SInv}
rElec    +         Reflect  +   b - +4 cloak of Cuwoyfivye {+Blink Regen+ Int+4}
rCorr    .         Harm     .   f - +2 pair of gloves {Str+3}
MR       ++++.                  P - +2 pair of boots {Stlth+}
Stlth    ++........             n - amulet of Plog {Spirit rElec rPois rC+ MR+}
Regen    0.9/turn               c - ring "Laston" {*Drain +Fly Str+6 Int+3}
MPRegen  0.3/turn               t - ring "Aqeu" {rF+ Int+5}

@: no status effects
A: change form in water, swift swim, stealthy swim, horns 2, repulsion field 1,
large bone plates 1, clever 1, fire resistance 1, low mp 1, mutation resistance
1, sense surroundings 1, screaming 2, inhibited regeneration, weak 1, no potion
heal 1, subdued magic 1
0: Orb of Zot
}: 4/15 runes: barnacled, slimy, silver, gossamer
a: Divine Energy, Channel Magic, Forget Spell, Renounce Religion, Evoke Blink,
Evoke Flight


You escaped.
You worshipped Sif Muna.
Sif Muna was exalted by your worship.
You were not hungry.

You visited 12 branches of the dungeon, and saw 56 of its levels.
You visited 1 ziggurat, and saw 5 of its levels.
You also visited: Labyrinth, Ice Cave, Volcano and Wizlab.

You collected 8708 gold pieces.
You spent 2284 gold pieces at shops.

Inventory:

Armour
 b - the +4 cloak of Cuwoyfivye (worn) {+Blink Regen+ Int+4}
   (You found it in a wizard's laboratory)

   It affects your intelligence (+4).
   It lets you blink.
   It increases your rate of regeneration.
 f - a +2 pair of gloves of strength (worn)
 l - a +5 shield of reflection (worn)
 o - the +1 cloak of Starlight {rElec rC+ EV+4 Stlth--}
   (You found it in a wizard's laboratory)

   It affects your evasion (+4).
   It protects you from cold.
   It insulates you from electricity.
   It makes you much less stealthy.
 y - the +1 cloak of Curiosity {*Contam rPois rC++ rCorr}
   (You found it in a wizard's laboratory)

   It greatly protects you from cold.
   It protects you from poison.
   It causes magical contamination when unequipped.
   It protects you from acid and corrosion.
 C - the +3 crown of Dyrovepreva (worn) {rElec Int+2 SInv}
   (You bought it in a shop on level 3 of the Depths)

   It affects your intelligence (+2).
   It insulates you from electricity.
   It lets you see invisible.
 P - a +2 pair of boots of stealth (worn)
 Y - the +4 ring mail of the Equator (worn) {+Blink rElec rN+ MR+}
   (You found it on level 3 of the Elven Halls)

   It insulates you from electricity.
   It protects you from negative energy.
   It affects your resistance to hostile enchantments.
   It lets you blink.
Jewellery
 c - the ring "Laston" (left hand) {*Drain +Fly Str+6 Int+3}
   (You found it in a wizard's laboratory)

   [ring of flight]

   It affects your strength (+6).
   It affects your intelligence (+3).
   It lets you fly.
   It causes draining when unequipped.
 n - the amulet of Plog (around neck) {Spirit rElec rPois rC+ MR+}
   (You bought it in a shop on level 12 of the Dungeon)

   [amulet of guardian spirit]

   It causes incoming damage to be split between your health and magic.
   It protects you from cold.
   It insulates you from electricity.
   It protects you from poison.
   It affects your resistance to hostile enchantments.
 s - the ring of Wonder {Wiz +Blink +Inv MR++}
   (You found it on level 5 of the Pits of Slime)

   [ring of wizardry]

   It improves your spell success rate.
   It affects your resistance to hostile enchantments.
   It lets you turn invisible.
   It lets you blink.
 t - the ring "Aqeu" (right hand) {rF+ Int+5}
   (You took it off a tengu warrior on level 3 of the Depths)

   [ring of protection from fire]

   It affects your intelligence (+5).
   It protects you from fire.
 L - the ring of Giffic {MR+ Str+3 Int+4}
   (You found it on level 6 of the Lair of Beasts)

   [ring of strength]

   It affects your strength (+3).
   It affects your intelligence (+4).
   It affects your resistance to hostile enchantments.
 S - the ring "Feafilon" {rElec rC+ MR- Int+5}
   (You took it off an ironheart preserver on level 5 of the Vaults)

   [ring of protection from cold]

   It affects your intelligence (+5).
   It protects you from cold.
   It insulates you from electricity.
   It affects your resistance to hostile enchantments.
Wands
 r - a wand of lightning (8/15)
 E - a wand of digging (12/24)
 F - a wand of digging (7/24)
 M - a wand of acid (6/15)
 N - a wand of lightning (6/15)
 O - a wand of clouds (4/9)
 V - a wand of iceblast (9/15)
Scrolls
 e - 19 scrolls of teleportation
 g - 24 scrolls of identify
 h - 2 scrolls of fear
 i - 15 scrolls of remove curse
 k - 3 scrolls of blinking
 v - 9 scrolls of fog
 x - 2 scrolls of amnesia
 z - 3 scrolls of magic mapping
 J - 4 scrolls of summoning
 U - 7 scrolls of recharging
 W - 3 scrolls of holy word
Potions
 a - a potion of haste
 q - 5 potions of heal wounds
 w - 9 potions of brilliance
 A - 3 potions of ambrosia
 D - 2 potions of cancellation
 G - a potion of flight
 H - 4 potions of magic
 K - 20 potions of curing
Books
 u - Sif Muna's Reference Book on the Excruciating Volcanoes
   (Sif Muna gifted it to you on level 4 of the Realm of Zot)

   Spells                             Type                      Level
   a - Throw Flame                    Conjuration/Fire             2
   b - Ignite Poison                  Fire/Transmutation/Poison    3
   c - Sticky Flame                   Conjuration/Fire             4
   d - Throw Icicle                   Conjuration/Ice              4
   e - Fireball                       Conjuration/Fire             5
   f - Bolt of Draining               Conjuration/Necromancy       5
Comestibles
 d - 27 bread rations
 j - 19 meat rations
 m - 24 fruits
 p - 25 royal jellies


   Skills:
 + Level 17.3 Fighting
 + Level 6.8 Armour
 + Level 21.8 Dodging
 + Level 10.1 Stealth
 * Level 17.2 Shields
 + Level 24.0 Unarmed Combat
 + Level 18.8 Spellcasting
 + Level 8.9 Conjurations
 + Level 2.4 Hexes
 + Level 4.0 Charms
 + Level 3.1 Necromancy
 + Level 0.5 Translocations
 * Level 24.8 Transmutations
 + Level 5.8 Fire Magic
 + Level 11.5 Ice Magic
 + Level 3.5 Earth Magic
 + Level 14.7 Poison Magic
 + Level 2.4 Evocations


You had 4 spell levels left.
You knew the following spells:

 Your Spells              Type           Power        Failure   Level  Hunger
a - Statue Form           Tmut/Erth      #######..    1%          6    None
b - Ignite Poison         Fire/Tmut/Pois #######.     0%          3    None
c - Dragon Form           Tmut           ########..   1%          7    ##.....
d - Blade Hands           Tmut           ########..   0%          5    None
e - Yara's Violent Unrav  Hex/Tmut       #######...   1%          5    None
f - Apportation           Tloc           ####..       1%          1    None
g - Bolt of Fire          Conj/Fire      ######....   10%         6    None
h - Irradiate             Conj/Tmut      #######...   1%          5    None
i - Olgreb's Toxic Radia  Pois           #######.     1%          4    None
j - Regeneration          Chrm/Necr      #####.....   1%          3    None
k - Blink                 Tloc           N/A          1%          2    None
l - Ozocubu's Refrigerat  Ice            ######....   1%          6    None
m - Poison Arrow          Conj/Pois      ######....   1%          6    None


Dungeon Overview and Level Annotations

Branches:
Dungeon (15/15)            Temple (1/1) D:6            Lair (6/6) D:11
 Shoals (4/4) Lair:2       Spider (4/4) Lair:3        Slime (5/5) Lair:5
    Orc (2/2) D:12            Elf (3/3) Orc:2        Vaults (5/5) D:13
  Crypt (1/3) Vaults:3     Depths (5/5) D:15            Zot (5/5) Depths:5

Altars:
Ashenzari
Cheibriados
Dithmenos
Elyvilon
Fedhas
Gozag
Hepliaklqana
Kikubaaqudgha
Makhleb
Nemelex Xobeh
Okawaru
Qazlal
Ru
Sif Muna
Trog
Uskayaw
Vehumet
Xom
Yredelemnul
Zin
The Shining One
Jiyva
Lugonu

Shops:
D:5 ?   D:8 [   D:12 =   Orc:1 ?   Orc:2 !?(}   Vaults:2 (   Vaults:3 (
Zot:5 *   Depths:3 [

Portals:
Hell: Depths:1 Depths:2 Depths:3 Depths:4 Depths:5
Abyss: Depths:2 Depths:3 Depths:4 Depths:5
Pandemonium: Orc:2 Depths:3

Annotations:
D:3 bmj180's ghost, amateur GrEE
Slime:2 1 exclusion


Innate Abilities, Weirdness & Mutations

You revert to your normal form in water.
You are very nimble and swift while swimming.
You are very stealthy in the water. (Stealth+)
You have a pair of horns on your head.
You are surrounded by a mild repulsion field. (EV +2)
You are partially covered in large bone plates. (SH +4)
Your mind is acute. (Int +2)
Your flesh is heat resistant. (rF+)
Your magical capacity is low. (-10% MP)
You are somewhat resistant to further mutation.
You passively map a small area around you.
You sometimes yell uncontrollably at your foes.
You do not regenerate when monsters are visible.
You are weak. (Str -2)
Potions are less effective at restoring your health.
Your spells are a little easier to cast, but a little less powerful.


Message History

Where to? (Enter - D:1, ? - help) You're already here!
Unknown command.
A Hell Sentinel comes into view.
The Hell Sentinel roars!
The Hell Sentinel gestures at you.
The sphere of damnation explodes!
The damnation engulfs you!
Your legs become a tail as you enter the water.
Your +2 pair of boots of stealth melds into your body.
You feel less stealthy.
Your +2 pair of boots of stealth unmelds from your body.
You feel stealthy.
Your legs become a tail as you enter the water.
Your +2 pair of boots of stealth melds into your body.
You feel less stealthy.
Your +2 pair of boots of stealth unmelds from your body.
You feel stealthy.
There is an open door here.
There is a staircase leading out of the dungeon here.
You have escaped!

#......#.#.#.# #....
###........#1# #....
##.########.# #....
######...........##
#####
#..).≈.≈.≈≈≈..≈...##
#≈≈≈≈≈≈≈≈≈≈≈≈≈≈.≈..#
#≈≈≈≈#'####≈≈≈≈≈.≈.#
#≈≈≈≈#....#≈####≈..#
#≈≈≈≈#.>..#≈#>@'≈..#
#≈≈≈≈#....#≈####≈.##
#≈≈≈≈######≈≈≈≈≈≈.#
#≈##≈≈≈≈≈≈≈≈≈≈≈≈≈≈#
#≈##≈≈≈≈≈≈≈≈##≈≈≈.#
#≈≈≈≈≈≈≈≈≈≈≈##≈≈≈.#
#≈≈≈≈≈≈≈≈≈≈≈≈≈≈≈≈.#
#≈≈≈##'#≈≈≈≈≈≈≈≈≈.#
#≈≈≈'>>'≈≈≈##'≈≈≈≈#


There were no monsters in sight!

Vanquished Creatures
  the Royal Jelly (Slime:5)
  5 orbs of fire
  2 ancient liches
  The ghost of buskinjo the Slayer, a master DsGl of Okawaru (Zot:5)
  Margery (Vaults:2)
  A curse toe (Zot:2)
  6 Killer Klowns (Zot:5)
  12 golden dragons
  Jorgrun (Elf:2)
  2 electric golems
  5 liches
  16 tentacled monstrosities
  Rupert (D:14)
  Asterion (Depths:1)
  3 deep elf blademasters
  24 Orb Guardians
  4 titans
  4 quicksilver dragons
  A deep elf master archer (Elf:3)
  A tentacled starspawn (WizLab)
  An eldritch tentacle (WizLab)
  18 acid blobs
  4 death cobs
  9 storm dragons
  Donald (Spider:1)
  The ghost of Haldmier the Severer, an adept FoAK of Lugonu (Shoals:1)
  Agnes (D:14)
  3 sphinxes
  10 shadow dragons
  Ilsuiw (Shoals:4)
  3 tengu reavers
  11 azure jellies
  4 draconian knights
  5 draconian monks
  15 vault wardens
  10 fire giants
  7 deep elf sorcerers
  3 ghost moths
  11 frost giants
  6 draconian shifters
  An orc warlord (Vaults:2)
  8 emperor scorpions
  7 draconian scorchers
  5 spriggan defenders
  6 ghouls
  10 draconian stormcallers
  2 deep elf elementalists (Vaults:5)
  7 draconian annihilators
  21 very ugly things
  27 stone giants
  The ghost of markt42 the Severer, a journeyman GrFi of Okawaru (IceCv)
  10 entropy weavers
  Azrael (Spider:1)
  20 ironheart preservers
  3 vampire knights
  The ghost of equalderp2856 the Cleaver, a journeyman MiFi (Lair:5)
  8 purple draconians
  14 deep elf demonologists
  8 green draconians
  12 black draconians
  12 yellow draconians
  7 deep elf annihilators
  7 white draconians
  8 spark wasps
  14 red draconians
  2 dire elephants (Lair:6)
  Snorg (Lair:4)
  A minotaur (shapeshifter) (Vaults:3)
  8 merfolk javelineers
  13 death oozes
  7 deep elf death magi
  11 merfolk impalers
  5 deep elf high priests
  A minotaur (Lab)
  22 yaktaur captains
  9 ettins
  14 fire dragons
  12 great orbs of eyes
  26 ice dragons
  10 rakshasas
  6 hydras
  34 vault guards
  2 spriggan air magi
  8 merfolk avatars
  A catoblepas (Lair:6)
  3 death knights
  11 centaur warriors
  58 two-headed ogres
  13 death yaks
  5 satyrs
  26 dancing weapons
  4 merfolk aquamancers
  13 deep troll shamans
  5 tengu warriors
  4 alligator snapping turtles
  A queen ant (Spider:2)
  2 thrashing horrors (WizLab)
  18 ogre magi
  14 deep troll earth magi
  Urug (Lair:4)
  9 large abominations
  22 deep elf knights
  2 vampire magi
  A queen ant (shapeshifter) (Vaults:3)
  2 soul eaters (Orc:2)
  5 orc high priests
  Nergalle (Lair:3)
  5 spriggan berserkers
  A sun demon (Depths:3)
  2 shadow wraiths
  A fire crab (shapeshifter) (Depths:4)
  5 iron trolls
  38 deep trolls
  21 skeletal warriors
  8 glowing orange brains
  13 hell knights
  5 unseen horrors
  A sea snake (shapeshifter) (Elf:1)
  A gelid demonspawn (Orc:2)
  A flayed ghost (Vaults:4)
  13 sea snakes
  A kraken simulacrum (Shoals:4)
  2 shadow demons
  A spriggan druid (Depths:1)
  An anaconda skeleton (WizLab)
  20 ironbrand convokers
  Pikel (D:6)
  A swamp dragon (Zot:2)
  14 deep elf archers
  2 infernal demonspawn (Orc:2)
  3 obsidian statues
  A sphinx zombie (Vaults:4)
  9 necromancers
  20 orc knights
  4 wizards
  29 harpies
  A lindwurm (shapeshifter) (D:15)
  31 wolf spiders
  An orb spider (shapeshifter) (Depths:3)
  A frost giant zombie (Vaults:4)
  6 phantasmal warriors
  7 shining eyes
  5 oklob plants
  18 cyclopes
  A sphinx skeleton (Vaults:3)
  78 deep elf magi
  22 orb spiders
  15 orc sorcerers
  13 fauns
  2 frost giant skeletons (Vaults:3)
  12 elephants (Lair:6)
  5 manticores
  44 ugly things
  2 salamanders (shapeshifter)
  6 water nymphs
  17 vault sentinels
  4 worldbinders (WizLab)
  20 moths of wrath
  2 rust devils
  11 merfolk sirens
  5 centaur zombies
  2 ice statues (IceCv)
  7 eyes of devastation
  A molten gargoyle (Volcano)
  2 orange demons
  3 gargoyles
  8 rime drakes
  3 centaur skeletons
  An apocalypse crab (WizLab)
  A hellion (Zot:5)
  A rime drake (shapeshifter) (Vaults:1)
  13 komodo dragons
  8 freezing wraiths
  A yaktaur zombie (Vaults:4)
  11 spiny frogs
  A tormentor (Depths:5)
  A demonspawn skeleton (WizLab)
  2 kobold demonologists (D:14)
  A yaktaur (shapeshifter) (Vaults:1)
  A tengu conjurer (D:15)
  2 ice devils
  22 demonic crawlers
  An efreet (Volcano)
  68 yaktaurs
  6 hellwings
  3 ancient zymes (WizLab)
  6 trolls
  A red devil (Depths:3)
  Grinder (D:6)
  5 polar bears
  35 jumping spiders
  21 hornets
  A hornet (shapeshifter) (Depths:3)
  A sphinx simulacrum (Vaults:1)
  10 wind drakes
  29 merfolk
  A wolf spider simulacrum (Vaults:1)
  21 blink frogs
  3 snapping turtles
  13 hippogriffs
  5 dream sheep
  131 slime creatures
  A fire giant simulacrum (Vaults:1)
  A stone giant simulacrum (Vaults:4)
  A hippogriff (shapeshifter) (Vaults:1)
  A centaur simulacrum (D:10)
  108 redbacks
  12 spriggans
  2 ynoxinuls
  3 air elementals
  33 tarantellas
  6 wraiths
  4 basilisks
  Sigmund (D:3)
  3 shadows
  15 fire elementals
  58 yaks
  22 water elementals
  6 wyverns
  5 fire bats (Volcano)
  A hog (shapeshifter) (Depths:5)
  9 golden eyes
  3 chaos spawn
  2 basilisks (shapeshifter)
  2 hungry ghosts
  2 neqoxecs
  2 ogre zombies (Vaults:1)
  Menkaure (D:4)
  10 wargs
  2 vampire mosquitoes (Spider:4)
  A redback simulacrum (D:15)
  18 soldier ants (Spider:2)
  2 insubstantial wisps (WizLab)
  A naga (shapeshifter) (Vaults:3)
  5 spatial vortices (WizLab)
  2 floating eyes (Depths:4)
  3 hell hounds
  4 acid dragons
  9 porcupines
  A tengu skeleton (WizLab)
  16 water moccasins
  A slave (D:5)
  17 ice beasts
  An eye of draining (shapeshifter) (Depths:5)
  A black bear (Depths:1)
  48 orc warriors
  3 eyes of draining
  5 sky beasts
  42 ogres
  4 phantoms
  15 centaurs
  A necrophage (D:8)
  A wolf (shapeshifter) (Depths:3)
  18 boggarts
  14 crocodiles
  5 big kobolds
  23 bullfrogs
  9 human skeletons
  3 wyvern zombies
  5 earth elementals
  4 small abominations (Depths:2)
  A water moccasin skeleton (D:9)
  6 scorpions
  9 killer bees
  14 wights
  A howler monkey (D:5)
  An electric eel (Lair:2)
  5 lava snakes (Volcano)
  8 crimson imps
  A bullfrog zombie (D:5)
  2 human simulacra
  2 quasits
  4 jellies
  32 orc priests
  4 hounds
  Crazy Yiuf (D:7)
  A gnoll shaman (D:8)
  2 iguanas (D:11)
  Terence (D:3)
  14 orc wizards
  29 worker ants
  Natasha (thrice) (D:2)
  A killer bee zombie (D:8)
  A hound zombie (D:7)
  2 mummies (D:13)
  A worker ant zombie (D:5)
  Robin (D:4)
  9 gnolls
  10 adders
  7 shadow imps
  14 white imps
  An ufetubus (Depths:3)
  4 oozes
  2 adder skeletons
  4 worms
  6 leopard geckos
  129 orcs
  8 giant cockroaches
  15 goblins
  8 hobgoblins
  6 jackals (D:9)
  6 quokkas
  8 bats
  3 frilled lizards
  15 kobolds
  5 rats
  3 bushes
  3 crawling corpses (Vaults:4)
  2 fungi (Lair:4)
  9 plants
  A starspawn tentacle (WizLab)
2879 creatures vanquished.

Vanquished Creatures (others)
  A deep elf master archer (Elf:3)
  A stone giant (Vaults:2)
  2 black draconians
  5 yaktaur captains
  4 centaur warriors
  A dancing weapon (Elf:3)
  A deep elf archer (Elf:2)
  A deep elf mage (Elf:3)
  A faun (Shoals:4)
  9 yaktaurs
  A redback (Vaults:5)
  2 centaurs
  A bullfrog zombie (D:6)
  A worker ant (D:6)
  An orc (Vaults:5)
  A giant cockroach (D:6)
  A quokka (D:3)
  8 bushes (Lair:3)
  23 fungi
  A lurking horror (WizLab)
  34 plants
  A starspawn tentacle (WizLab)
  3 tentacles (Shoals:4)
104 creatures vanquished.

Grand Total: 2983 creatures vanquished

Notes
Turn   | Place    | Note
-------+----------+-------------------------------------------
     0 | D:1      | dvd the Merfolk Transmuter began the quest for the Orb.
     0 | D:1      | Reached XP level 1. HP: 15/15 MP: 3/3
   183 | D:1      | Reached XP level 2. HP: 21/21 MP: 3/5
  1037 | D:1      | Reached XP level 3. HP: 19/26 MP: 4/6
  1042 | D:1      | Learned a level 3 spell: Spider Form
  1287 | D:2      | Noticed Natasha
  1404 | D:2      | Killed Natasha
  1631 | D:2      | Reached XP level 4. HP: 32/32 MP: 3/7
  1694 | D:2      | Noticed Terence
  2280 | D:2      | Noticed Natasha
  2324 | D:2      | Killed Natasha
  2611 | D:2      | Noticed Natasha
  2619 | D:2      | Killed Natasha
  2619 | D:2      | Reached XP level 5. HP: 30/37 MP: 4/8
  2625 | D:2      | Learned a level 4 spell: Ice Form
  3045 | D:3      | Found a white marble altar of Elyvilon.
  3197 | D:3      | Noticed bmj180's ghost (amateur GrEE)
  3305 | D:3      | Reached skill level 1 in Stealth
  3587 | D:3      | Found a burning altar of Makhleb.
  3703 | D:3      | Reached skill level 5 in Transmutations
  3719 | D:3      | Reached skill level 1 in Poison Magic
  3719 | D:3      | Reached XP level 6. HP: 14/43 MP: 7/10
  3722 | D:3      | Reached skill level 1 in Ice Magic
  3899 | D:3      | Noticed Sigmund
  4026 | D:3      | Killed Terence
  4103 | D:3      | Killed Sigmund
  4103 | D:3      | Reached skill level 5 in Unarmed Combat
  4103 | D:3      | Reached XP level 7. HP: 42/48 MP: 8/11
  4487 | D:4      | Noticed Robin
  4496 | D:4      | Killed Robin
  4816 | D:4      | Noticed Menkaure
  4822 | D:4      | Killed Menkaure
  5426 | D:5      | Entered Level 5 of the Dungeon
  5460 | D:5      | Reached XP level 8. HP: 56/56 MP: 10/12
  5565 | D:5      | Found Gixof's Magic Scroll Shoppe.
  5769 | D:4      | Learned a level 5 spell: Blade Hands
  6477 | D:6      | Noticed Pikel
  6668 | D:6      | Killed Pikel
  6668 | D:6      | Reached XP level 9. HP: 42/62 MP: 8/14
  6757 | D:6      | Noticed Grinder
  6776 | D:6      | Killed Grinder
  7071 | D:6      | Found a staircase to the Ecumenical Temple.
  7118 | Temple   | Entered the Ecumenical Temple
  7125 | Temple   | Became a worshipper of Sif Muna the Loreminder
  7171 | D:6      | Reached skill level 5 in Ice Magic
  7184 | D:6      | Reached skill level 5 in Dodging
  7185 | D:6      | Found an iron altar of Okawaru.
  7197 | D:6      | Found an iron altar of Okawaru.
  8106 | D:7      | Found a runed door.
  8111 | D:7      | Noticed Crazy Yiuf
  8116 | D:7      | Killed Crazy Yiuf
  8116 | D:7      | Reached XP level 10. HP: 69/69 MP: 10/16
  8213 | D:7      | Found a glowing silver altar of Zin.
  8347 | D:8      | Reached * piety under Sif Muna
  8808 | D:8      | Reached skill level 5 in Spellcasting
  8817 | D:8      | Reached skill level 10 in Unarmed Combat
  9097 | D:8      | Found Jirusi's Antique Armour Boutique.
  9110 | D:8      | Bought a pair of embroidered boots for 165 gold pieces
  9133 | D:8      | Identified a scroll of acquirement
  9311 | D:9      | Noticed a two-headed ogre
  9318 | D:9      | Killed a two-headed ogre
  9318 | D:9      | Reached skill level 10 in Transmutations
 10108 | D:10     | Entered Level 10 of the Dungeon
 10507 | D:10     | Noticed a two-headed ogre
 10517 | D:10     | Killed a two-headed ogre
 10517 | D:10     | Reached XP level 11. HP: 45/76 MP: 14/20
 10530 | D:10     | Noticed a two-headed ogre
 10537 | D:10     | Killed a two-headed ogre
 10537 | D:10     | Reached ** piety under Sif Muna
 11334 | D:11     | Found a staircase to the Lair.
 11837 | D:11     | Noticed a five-headed hydra
 12085 | D:11     | Found a sparkling altar of Nemelex Xobeh.
 12269 | D:11     | Killed a five-headed hydra
 12269 | D:11     | Reached skill level 1 in Armour
 12386 | D:11     | Noticed a three-headed hydra
 12397 | D:11     | Killed a three-headed hydra
 12397 | D:11     | Reached skill level 1 in Evocations
 12397 | D:11     | Reached XP level 12. HP: 30/84 MP: 20/22
 12661 | Lair:1   | Entered Level 1 of the Lair of Beasts
 12732 | Lair:1   | Reached skill level 5 in Stealth
 12734 | Lair:1   | Reached *** piety under Sif Muna
 12884 | Lair:1   | Reached skill level 1 in Shields
 14377 | Lair:2   | Noticed a death yak
 14382 | Lair:2   | Noticed a death yak
 14383 | Lair:2   | Noticed a death yak
 14384 | Lair:2   | Noticed a death yak
 14384 | Lair:2   | Noticed a death yak
 14425 | Lair:1   | Killed a death yak
 14676 | Lair:1   | Killed a death yak
 14834 | Lair:1   | Killed a death yak
 15021 | Lair:2   | Reached **** piety under Sif Muna
 15046 | Lair:1   | Killed a death yak
 15049 | Lair:1   | Killed a death yak
 15049 | Lair:1   | Reached XP level 13. HP: 57/90 MP: 24/24
 15376 | Lair:2   | Found a staircase to the Shoals.
 15688 | Lair:3   | Noticed Nergalle
 15702 | Lair:3   | Killed Nergalle
 15710 | Lair:3   | Found a hole to the Spider Nest.
 17232 | Lair:2   | Reached skill level 15 in Transmutations
 17454 | Lair:3   | Reached ***** piety under Sif Muna
 17778 | Lair:4   | Noticed Snorg
 17785 | Lair:4   | Killed Snorg
 18028 | Lair:4   | Found a blossoming altar of Fedhas.
 18097 | Lair:4   | Noticed Urug
 18098 | Lair:4   | Found a blossoming altar of Fedhas.
 18108 | Lair:4   | Killed Urug
 18108 | Lair:4   | Identified Sif Muna's Primer on Thaumaturgy (Sif Muna gifted it to you on level 4 of the Lair of Beasts)
 18108 | Lair:4   | Received a gift from Sif Muna
 18120 | Lair:4   | Learned a level 3 spell: Dazzling Spray
 19492 | Lair:4   | You fall through a shaft for 2 floors!
 19492 | Lair:6   | Entered Level 6 of the Lair of Beasts
 19662 | Lair:6   | Found an iron altar of Okawaru.
 19682 | Lair:6   | Reached XP level 14. HP: 56/96 MP: 26/26
 19937 | Lair:6   | Reached skill level 15 in Unarmed Combat
 20016 | Lair:6   | Noticed a dire elephant
 20025 | Lair:6   | Killed a dire elephant
 20058 | Lair:6   | Noticed a dire elephant
 20075 | Lair:6   | Killed a dire elephant
 20086 | Lair:6   | Reached skill level 5 in Fighting
 20366 | Lair:5   | Found a dark tunnel.
 20552 | Volcano  | Entered a volcano
 20866 | Volcano  | Found a radiant altar of Vehumet.
 21038 | Volcano  | Noticed a stone giant
 21056 | Volcano  | HP: 1/98 [stone giant (36)]
 21057 | Volcano  | Killed a stone giant
 21789 | Lair:5   | Found a staircase to the Slime Pits.
 21789 | Lair:5   | Found a viscous altar of Jiyva.
 21819 | Lair:5   | Noticed equalderp2856's ghost (journeyman MiFi)
 22502 | Lair:5   | Killed equalderp2856's ghost
 23376 | Lair:6   | Got a brightly glowing ivory ring
 23378 | Lair:6   | Identified the ring of Giffic {MR+ Str+3 Int+4} (You found it on level 6 of the Lair of Beasts)
 24558 | D:12     | Gained mutation: Your body sometimes deteriorates upon taking damage. [potion of mutation]
 24558 | D:12     | Gained mutation: You possess an exceptional clarity of mind. [potion of mutation]
 24578 | D:12     | Found a staircase to the Orcish Mines.
 24705 | D:12     | Gained mutation: Your system is resistant to poisons. (rPois) [mutagenic meat]
 24706 | D:12     | Gained mutation: You have a pair of small horns on your head. [mutagenic meat]
 24707 | D:12     | Gained mutation: You do not regenerate when monsters are visible. [mutagenic meat]
 24709 | D:12     | Gained mutation: You are surrounded by a mild repulsion field. (EV +2) [mutagenic meat]
 24759 | D:12     | Identified Sif Muna's Papyrus of Conjuration (Sif Muna gifted it to you on level 12 of the Dungeon)
 24759 | D:12     | Received a gift from Sif Muna
 24759 | D:12     | Reached XP level 15. HP: 82/103 MP: 22/28
 25027 | D:12     | Found Ridedo's Jewellery Shop.
 25032 | D:12     | Bought the amulet of Plog {Spirit rElec rPois rC+ MR+} for 851 gold pieces
 25395 | Orc:1    | Entered Level 1 of the Orcish Mines
 25409 | Orc:1    | Reached skill level 10 in Dodging
 25428 | Orc:1    | Found Ywnisuo's Magic Scroll Boutique.
 25442 | Orc:1    | Found a frozen archway.
 25622 | IceCv    | Entered an ice cave
 25859 | IceCv    | Noticed markt42's ghost (journeyman GrFi)
 25872 | IceCv    | Killed markt42's ghost
 26736 | Orc:1    | Learned a level 5 spell: Venom Bolt
 26755 | Orc:2    | Entered Level 2 of the Orcish Mines
 26813 | Orc:2    | Found a labyrinth entrance.
 26823 | Lab      | Entered a labyrinth
 27202 | Orc:2    | Reached skill level 1 in Conjurations
 27333 | Orc:2    | Found Feuczac's Distillery.
 27336 | Orc:2    | Found Cauhun's Magic Scroll Shop.
 27611 | Orc:2    | Reached skill level 1 in Hexes
 27658 | Orc:2    | Learned a level 3 spell: Stone Arrow
 27740 | Orc:2    | Bought a potion of curing for 36 gold pieces
 27740 | Orc:2    | Bought a potion of curing for 36 gold pieces
 27740 | Orc:2    | Bought a potion of curing for 36 gold pieces
 27740 | Orc:2    | Bought a potion of heal wounds for 60 gold pieces
 27742 | Orc:2    | Bought a scroll of blinking for 90 gold pieces
 28931 | Orc:2    | Found Pimyv's Gadget Shoppe.
 28931 | Orc:2    | Found a one-way gate leading to the halls of Pandemonium.
 28931 | Orc:2    | Found Nirphes's Antique Weapon Emporium.
 29267 | Orc:2    | Found a staircase to the Elven Halls.
 30085 | D:13     | Noticed a ghoul
 30096 | D:13     | Killed a ghoul
 30116 | D:13     | Identified Sif Muna's Grimoire of Excruciating Poisoning (Sif Muna gifted it to you on level 13 of the Dungeon)
 30116 | D:13     | Received a gift from Sif Muna
 30120 | D:13     | Reached skill level 10 in Spellcasting
 30236 | D:12     | Learned a level 5 spell: Alistair's Intoxication
 30242 | D:12     | Learned a level 5 spell: Irradiate
 30255 | D:13     | Reached XP level 16. HP: 85/109 MP: 11/30
 30384 | D:13     | Found a gate to the Vaults.
 30761 | D:13     | Learned a level 1 spell: Apportation
 30770 | D:13     | Gained mutation: You passively map a small area around you. [mutagenic meat]
 30771 | D:13     | Gained mutation: You are partially covered in slimy green scales. (AC +2) [mutagenic meat]
 30772 | D:13     | Gained mutation: You are frail. (-10% HP) [mutagenic meat]
 30773 | D:13     | Gained mutation: Your flesh is heat resistant. (rF+) [mutagenic meat]
 30774 | D:13     | Gained mutation: Your mind is acute. (Int +2) [mutagenic meat]
 30846 | D:13     | Learned a level 4 spell: Olgreb's Toxic Radiance
 31053 | D:13     | Found an opulent altar of Gozag.
 33027 | Spider:1 | Entered Level 1 of the Spider Nest
 33131 | Spider:1 | Noticed Donald
 33142 | Spider:1 | Killed Donald
 34224 | Spider:1 | Learned a level 3 spell: Ignite Poison
 34484 | Spider:2 | Noticed Azrael
 34515 | Spider:1 | Killed Azrael
 34515 | Spider:1 | Identified Sif Muna's Handbook of Lucky Beguiling (Sif Muna gifted it to you on level 1 of the Spider Nest)
 34515 | Spider:1 | Received a gift from Sif Muna
 34545 | Spider:1 | Learned a level 5 spell: Yara's Violent Unravelling
 34799 | Spider:2 | Reached skill level 5 in Conjurations
 35268 | Spider:2 | Reached XP level 17. HP: 70/103 MP: 8/31
 35429 | Spider:2 | Reached skill level 5 in Poison Magic
 36819 | Spider:3 | Reached skill level 1 in Fire Magic
 36899 | Spider:3 | Identified Ottofrux's Handbook of Frigorific Aid (Sif Muna gifted it to you on level 3 of the Spider Nest)
 36899 | Spider:3 | Received a gift from Sif Muna
 36907 | Spider:3 | Learned a level 3 spell: Regeneration
 37168 | Spider:4 | Entered Level 4 of the Spider Nest
 39303 | Spider:4 | Reached XP level 18. HP: 85/110 MP: 24/33
 39778 | Spider:4 | Identified Sif Muna's Handbook of Moulding (Sif Muna gifted it to you on level 4 of the Spider Nest)
 39778 | Spider:4 | Received a gift from Sif Muna
 40621 | Spider:4 | Got a gossamer rune of Zot
 40864 | Elf:1    | Entered Level 1 of the Elven Halls
 40996 | Elf:1    | Found a magical portal.
 41024 | WizLab   | Entered The Roulette of Golubria
 41024 | WizLab   | Found a transporter.
 41029 | WizLab   | Found a corrupted altar of Lugonu.
 41049 | WizLab   | Found a transporter.
 41074 | WizLab   | Found a transporter.
 41074 | WizLab   | Found a transporter.
 41119 | WizLab   | Found a transporter.
 41170 | WizLab   | Found a corrupted altar of Lugonu.
 41173 | WizLab   | Found a transporter.
 41227 | WizLab   | Found a transporter.
 41279 | WizLab   | Found a transporter.
 41302 | WizLab   | Found a transporter.
 41335 | WizLab   | Found a transporter.
 41451 | WizLab   | Found a transporter.
 41451 | WizLab   | Found a transporter.
 41579 | WizLab   | Found a transporter.
 41579 | WizLab   | Found a transporter.
 41580 | WizLab   | Found a corrupted altar of Lugonu.
 41615 | WizLab   | Got a glittering jade ring
 41617 | WizLab   | Identified the ring "Laston" {*Drain +Fly Str+6 Int+3} (You found it in a wizard's laboratory)
 41672 | WizLab   | Found a transporter.
 41672 | WizLab   | Found a transporter.
 41693 | WizLab   | Learned a level 2 spell: Blink
 41700 | WizLab   | Found a transporter.
 41700 | WizLab   | Found a transporter.
 41876 | WizLab   | Found a transporter.
 42037 | WizLab   | Got a faintly humming cloak
 42225 | WizLab   | Got a pitted cloak
 42229 | WizLab   | Identified Dupufom's Almanac of the First Runes
 42251 | WizLab   | Identified the +4 cloak of Cuwoyfivye {+Blink Regen+ Int+4} (You found it in a wizard's laboratory)
 42262 | WizLab   | Identified the +1 cloak of Curiosity {*Contam rPois rC++ rCorr} (You found it in a wizard's laboratory)
 42341 | WizLab   | Found a transporter.
 42531 | Elf:1    | Reached skill level 1 in Necromancy
 42768 | Elf:1    | Identified Sif Muna's Grimoire of Noxious Calling (Sif Muna gifted it to you on level 1 of the Elven Halls)
 42768 | Elf:1    | Received a gift from Sif Muna
 42772 | Elf:1    | Reached skill level 5 in Armour
 43774 | Elf:2    | Reached XP level 19. HP: 118/118 MP: 23/35
 44271 | Elf:2    | Noticed Jorgrun
 44288 | Elf:2    | Killed Jorgrun
 44467 | Elf:2    | Learned a level 6 spell: Ozocubu's Refrigeration
 44486 | Elf:2    | Found a huge runed gate.
 44486 | Elf:2    | Found a huge runed gate.
 44486 | Elf:2    | Found a huge runed gate.
 44487 | Elf:2    | Found a huge runed gate.
 44487 | Elf:2    | Found a huge runed gate.
 46070 | Orc:2    | Gained mutation: You occasionally shout uncontrollably at your foes. [mutagenic glow]
 46214 | D:14     | Identified Sif Muna's Collected Works on Heat and Arcane Weapons (Sif Muna gifted it to you on level 14 of the Dungeon)
 46214 | D:14     | Received a gift from Sif Muna
 46401 | D:14     | Lost mutation: You are frail. (-10% HP) [mutagenic meat]
 46402 | D:14     | Gained mutation: Your body often deteriorates upon taking damage. [mutagenic meat]
 46456 | D:14     | Noticed Rupert
 46679 | D:13     | Lost mutation: You are partially covered in slimy green scales. (AC +2) [potion of mutation]
 46679 | D:13     | Lost mutation: Your body often deteriorates upon taking damage. [potion of mutation]
 46679 | D:13     | Lost mutation: Your body sometimes deteriorates upon taking damage. [potion of mutation]
 46679 | D:13     | Lost mutation: You possess an exceptional clarity of mind. [potion of mutation]
 46679 | D:13     | Gained mutation: You are somewhat resistant to further mutation. [potion of mutation]
 46743 | D:13     | Reached skill level 1 in Charms
 46780 | D:14     | Noticed Agnes
 46787 | D:14     | Killed Agnes
 46886 | D:14     | Reached skill level 15 in Dodging
 47217 | D:15     | Entered Level 15 of the Dungeon
 48020 | D:15     | Found a staircase to the Depths.
 48258 | D:14     | Killed Rupert
 48400 | Lair:2   | Learned a level 7 spell: Dragon Form
 48436 | Shoals:1 | Entered Level 1 of the Shoals
 48457 | Shoals:1 | Reached XP level 20. HP: 145/145 MP: 36/36
 48467 | Shoals:1 | Noticed Haldmier's ghost (adept FoAK)
 48474 | Shoals:1 | Killed Haldmier's ghost
 49840 | Shoals:2 | Received a gift from Sif Muna
 51169 | Shoals:4 | Entered Level 4 of the Shoals
 51542 | Shoals:4 | Got a barnacled rune of Zot
 51727 | Shoals:4 | Reached skill level 10 in Fighting
 51735 | Shoals:4 | Noticed Ilsuiw
 51743 | Shoals:4 | Killed Ilsuiw
 52679 | Shoals:4 | Reached XP level 21. HP: 128/154 MP: 10/38
 53373 | Vaults:1 | Entered Level 1 of the Vaults
 53612 | Vaults:1 | Identified Sif Muna's Collected Works on Noxious Attacks (Sif Muna gifted it to you on level 1 of the Vaults)
 53612 | Vaults:1 | Received a gift from Sif Muna
 54177 | Vaults:1 | Reached skill level 10 in Poison Magic
 54719 | Vaults:1 | Gained mutation: You are partially covered in large bone plates. (SH +4) [mutagenic meat]
 54720 | Vaults:1 | Gained mutation: You are weak. (Str -2) [mutagenic meat]
 55491 | Vaults:2 | Reached skill level 5 in Shields
 55805 | Vaults:2 | Reached XP level 22. HP: 153/163 MP: 19/40
 55943 | Vaults:2 | Reached ****** piety under Sif Muna
 56119 | Vaults:2 | Noticed Margery
 56119 | Vaults:2 | Received a gift from Sif Muna
 56335 | Vaults:2 | Killed Margery
 56343 | Vaults:2 | Found Wefiete's Weapon Shop.
 56650 | Vaults:2 | Learned a level 6 spell: Ozocubu's Refrigeration
 56940 | Vaults:2 | Lost mutation: Your system is resistant to poisons. (rPois) [mutagenic meat]
 57657 | Elf:3    | Entered Level 3 of the Elven Halls
 58622 | Elf:3    | Identified Sif Muna's Volume of Conjuration and the Escort (Sif Muna gifted it to you on level 3 of the Elven Halls)
 58622 | Elf:3    | Received a gift from Sif Muna
 58652 | Elf:3    | Got a steaming ring mail
 58663 | Elf:3    | Identified the +4 ring mail of the Equator {+Blink rElec rN+ MR+} (You found it on level 3 of the Elven Halls)
 59068 | Slime:1  | Entered Level 1 of the Pits of Slime
 59442 | Slime:2  | Gained mutation: Your body sometimes deteriorates upon taking damage. [a shining eye]
 59727 | Slime:3  | Reached XP level 23. HP: 155/173 MP: 10/41
 60417 | Slime:5  | Entered Level 5 of the Pits of Slime
 60949 | Slime:5  | Noticed the Royal Jelly
 61477 | Slime:1  | Gained mutation: Potions are less effective at restoring your health. [a shining eye]
 61852 | Slime:5  | Killed the Royal Jelly
 62884 | Slime:5  | Got an ancient platinum ring
 62886 | Slime:5  | Identified the ring of Wonder {Wiz +Blink +Inv MR++} (You found it on level 5 of the Pits of Slime)
 62920 | Slime:5  | Got an ancient silver ring
 62922 | Slime:5  | Identified the ring of Terra Nullius {rPois Dex+2} (You found it on level 5 of the Pits of Slime)
 62960 | Slime:5  | Got a slimy rune of Zot
 63012 | Slime:5  | Identified the Handbook of the Boosting Mountains
 63026 | Slime:5  | Identified the Almanac of Supportive Ice
 63249 | Slime:5  | Identified Sif Muna's Almanac of Changing and Beguiling (Sif Muna gifted it to you on level 5 of the Pits of Slime)
 63249 | Slime:5  | Received a gift from Sif Muna
 63249 | Slime:5  | Reached skill level 15 in Spellcasting
 63622 | Slime:5  | Reached skill level 10 in Ice Magic
 63934 | Vaults:3 | Gained mutation: You sometimes yell uncontrollably at your foes. [mutagenic meat]
 64220 | Vaults:3 | Found a staircase to the Crypt.
 65384 | Vaults:3 | Found Henac's Antique Weapon Shop.
 65534 | Vaults:4 | Reached XP level 24. HP: 183/183 MP: 17/42
 65844 | Vaults:4 | Received a gift from Sif Muna
 66578 | Vaults:4 | Learned a level 6 spell: Statue Form
 67426 | Crypt:1  | Entered Level 1 of the Crypt
 67673 | Vaults:2 | Received a gift from Sif Muna
 67676 | Vaults:2 | Identified Rese's Grimoire of Ashen Moulding (Sif Muna gifted it to you on level 2 of the Vaults)
 67834 | Depths:1 | Entered Level 1 of the Depths
 67840 | Depths:1 | Noticed Asterion
 67850 | Depths:1 | Killed Asterion
 67922 | Depths:1 | Lost mutation: You do not regenerate when monsters are visible. [mutagenic meat]
 68316 | Depths:1 | Lost mutation: Your body sometimes deteriorates upon taking damage. [mutagenic meat]
 68524 | Depths:1 | Found a gateway to Hell.
 68936 | Depths:2 | Reached XP level 25. HP: 193/193 MP: 29/42
 70010 | Depths:2 | Reached skill level 15 in Fighting
 70250 | Depths:2 | Received a gift from Sif Muna
 70306 | Depths:2 | Found a one-way gate to the infinite horrors of the Abyss.
 70410 | Depths:3 | Found a basalt altar of Yredelemnul.
 70706 | Depths:3 | Reached skill level 10 in Shields
 70830 | Depths:3 | Found a runed gate.
 70830 | Depths:3 | Found a runed gate.
 70830 | Depths:3 | Found a runed gate.
 71464 | Depths:3 | Found Bocze's Armour Emporium.
 71472 | Depths:3 | Bought the +3 crown of Dyrovepreva {rElec Int+2 SInv} for 786 gold pieces
 71992 | Depths:3 | Found a runed gate.
 71992 | Depths:3 | Found a runed gate.
 71992 | Depths:3 | Found a runed gate.
 72073 | Depths:3 | Reached XP level 26. HP: 203/203 MP: 18/43
 72083 | Depths:3 | Got a scorched copper ring
 72113 | Depths:3 | Identified the cursed +0 helmet of Nirazez {Str+4 Stlth+} (You found it on level 3 of the Depths)
 72115 | Depths:3 | Identified the ring "Aqeu" {rF+ Int+5} (You took it off a tengu warrior on level 3 of the Depths)
 72255 | Depths:1 | Identified Getiq's Grimoire of Igneous Toxins (Sif Muna gifted it to you on level 1 of the Depths)
 72255 | Depths:1 | Received a gift from Sif Muna
 72457 | Vaults:5 | Entered Level 5 of the Vaults
 72463 | Vaults:5 | Noticed an ancient lich
 72474 | Vaults:5 | Killed an ancient lich
 72886 | Vaults:5 | Identified Sif Muna's Tome of Flying Companions
 72975 | Vaults:5 | Identified the Tome of the Ladybird
 73112 | Vaults:4 | Learned a level 6 spell: Poison Arrow
 73145 | Vaults:5 | Reached skill level 5 in Fire Magic
 73340 | Vaults:5 | Got a steaming marble ring
 73343 | Vaults:5 | Identified the ring "Feafilon" {rElec rC+ MR- Int+5} (You took it off an ironheart preserver on level 5 of the Vaults)
 73884 | Vaults:5 | Identified Sif Muna's Handbook of the Arsonist and Battle Magic (Sif Muna gifted it to you on level 5 of the Vaults)
 73884 | Vaults:5 | Received a gift from Sif Muna
 74032 | Vaults:5 | Got a silver rune of Zot
 74034 | Vaults:5 | Got a distressingly furry ring mail
 74045 | Vaults:5 | Identified the +0 ring mail "Zaah" {rElec rC+} (You found it on level 5 of the Vaults)
 74069 | Vaults:5 | Identified Sexzuimux's Papyrus of Fetching Conjuration
 74108 | Vaults:5 | Reached skill level 1 in Earth Magic
 74114 | Vaults:5 | Reached XP level 27. HP: 212/212 MP: 40/44
 74917 | Depths:4 | Paralysed by a floating eye for 4 turns
 75114 | Depths:4 | Identified the +6 chain mail of the Hippo {-Cast rElec MR+ SInv} (You found it on level 4 of the Depths)
 75328 | Depths:4 | Gained mutation: You have a pair of horns on your head. [mutagenic meat]
 75800 | Depths:4 | Received a gift from Sif Muna
 75814 | Depths:4 | Learned a level 3 spell: Ozocubu's Armour
 76005 | Depths:4 | Learned a level 6 spell: Bolt of Fire
 76300 | Depths:5 | Entered Level 5 of the Depths
 76390 | Depths:5 | Found a gateway to a ziggurat.
 76668 | Depths:5 | Found a gate to the Realm of Zot.
 76872 | Depths:5 | Found a corrupted altar of Lugonu.
 77344 | Zig:1    | Entered Level 1 of a ziggurat
 77373 | Zig:2    | Entered Level 2 of a ziggurat
 77385 | Zig:2    | Gained mutation: Your body sometimes deteriorates upon taking damage. [a neqoxec]
 77409 | Zig:3    | Entered Level 3 of a ziggurat
 77467 | Zig:4    | Entered Level 4 of a ziggurat
 77495 | Zig:4    | Identified the amulet "Jybbyi" {RegenMP rElec rC+} (You found it on level 4 of a ziggurat)
 77526 | Zig:5    | Entered Level 5 of a ziggurat
 77760 | Zot:1    | Entered Level 1 of the Realm of Zot
 77802 | Zot:1    | Noticed an orb of fire
 77811 | Zot:1    | Killed an orb of fire
 77811 | Zot:1    | Identified Sif Muna's Almanac of Captivating Attacks (Sif Muna gifted it to you on level 1 of the Realm of Zot)
 77811 | Zot:1    | Received a gift from Sif Muna
 77811 | Zot:1    | Reached skill level 10 in Stealth
 79040 | Zot:2    | Identified Dutin's Almanac of Excruciating Talismans
 79080 | Zot:2    | Paralysed by a Zot trap for 4 turns
 80183 | Zot:4    | Reached skill level 15 in Shields
 80466 | Zot:4    | Identified Sif Muna's Reference Book on the Excruciating Volcanoes (Sif Muna gifted it to you on level 4 of the Realm of Zot)
 80466 | Zot:4    | Received a gift from Sif Muna
 80752 | Zot:4    | Noticed an orb of fire
 80765 | Zot:4    | Killed an orb of fire
 81162 | Zot:4    | Noticed an orb of fire
 81175 | Zot:4    | Gained mutation: Your spells are a little easier to cast, but a little less powerful. [an orb of fire]
 81178 | Zot:4    | Killed an orb of fire
 81754 | Zot:5    | Entered Level 5 of the Realm of Zot
 81906 | Zot:5    | Found Jocugg's Changing Room.
 81950 | Zot:5    | Bought a potion of mutation for 224 gold pieces
 82065 | Zot:5    | Noticed buskinjo's ghost (master DsGl)
 82107 | Zot:5    | Killed buskinjo's ghost
 82326 | Zot:5    | Identified Yklannu's Catalogue of Destructive Dislocation (Sif Muna gifted it to you on level 5 of the Realm of Zot)
 82326 | Zot:5    | Received a gift from Sif Muna
 82363 | Zot:5    | Noticed an ancient lich
 82378 | Zot:5    | Killed an ancient lich
 82456 | Zot:5    | Noticed an orb of fire
 82457 | Zot:5    | Gained mutation: Your magical capacity is low. (-10% MP) [an orb of fire]
 82458 | Zot:5    | Gained mutation: Potions are poor at restoring your health. [an orb of fire]
 82469 | Zot:5    | Gained mutation: You do not regenerate when monsters are visible. [an orb of fire]
 82476 | Zot:5    | Killed an orb of fire
 82779 | Zot:5    | Noticed an orb of fire
 82787 | Zot:5    | Killed an orb of fire
 82964 | Zot:5    | Identified Datesk's Handbook of Hurtful Transformation (Sif Muna gifted it to you on level 5 of the Realm of Zot)
 82964 | Zot:5    | Received a gift from Sif Muna
 83043 | Zot:5    | Got the Orb of Zot
 83352 | Depths:1 | Lost mutation: Your body sometimes deteriorates upon taking damage. [potion of mutation]
 83352 | Depths:1 | Lost mutation: Potions are poor at restoring your health. [potion of mutation]
 83627 | D:2      | Noticed Vousioco the pandemonium lord
 83682 | D:$      | Escaped with the Orb!

Skill      XL: |  1  2  3  4  5  6  7  8  9 10 11 12 13 14 15 16 17 18 19 20 21 22 23 24 25 26 27 |
---------------+----------------------------------------------------------------------------------+-----
Transmutations | 3 4 5 6 8 9 10 12 14 15 16 17 18 19 20 21 22 24 | 24.8
Unarmed Combat | 4 5 8 9 11 12 13 14 16 17 18 19 20 21 22 24 | 24.0
Dodging        | 3 4 5 6 7 9 11 12 13 14 15 16 17 18 19 20 21 | 21.8
Stealth        | 1 2 3 4 5 6 7 8 9 10 | 10.1
Poison Magic   | 1 3 4 6 7 8 9 10 11 12 13 14 | 14.7
Ice Magic      | 2 4 5 7 8 10 11 | 11.5
Spellcasting   | 3 4 6 7 8 9 10 11 12 13 14 15 16 17 18 | 18.8
Fighting       | 2 3 4 5 7 9 10 11 12 13 14 15 16 17 | 17.3
Armour         | 1 2 3 4 5 6 |  6.8
Evocations     | 1 2 |  2.4
Shields        | 1 2 3 4 5 7 9 10 12 17 | 17.2
Conjurations   | 2 5 6 7 8 |  8.9
Hexes          | 1 2 |  2.4
Fire Magic     | 1 2 3 4 5 |  5.8
Necromancy     | 1 2 3 |  3.1
Charms         | 1 2 4 |  4.0
Earth Magic    | 1 3 |  3.5
Translocations | |  0.5

Action                   |  1- 3 |  4- 6 |  7- 9 | 10-12 | 13-15 | 16-18 | 19-21 | 22-24 | 25-27 || total
-------------------------+-------+-------+-------+-------+-------+-------+-------+-------+-------++-------
Melee: Unarmed           |    80 |   134 |   241 |   532 |  1121 |   998 |   804 |   870 |  1587 ||  6367
       Headbutt          |    13 |     2 |       |       |    69 |   186 |   123 |   219 |   400 ||  1012
       Punch             |       |     1 |     1 |    25 |    82 |    60 |    45 |    37 |     8 ||   259
       Tailslap          |       |       |       |       |     5 |     1 |    50 |    21 |    15 ||    92
       Bite              |       |       |       |       |       |       |    43 |    23 |     8 ||    74
 Cast: Beastly Appendage |    16 |     2 |       |       |       |       |       |       |       ||    18
       Spider Form       |     3 |    17 |     5 |     1 |       |       |       |       |       ||    26
       Ice Form          |       |     1 |    15 |     9 |     3 |     2 |       |       |       ||    30
       Blade Hands       |       |       |     5 |    37 |   105 |    70 |    29 |    29 |     4 ||   279
       Dazzling Spray    |       |       |       |       |    23 |    35 |     8 |    10 |       ||    76
       Stone Arrow       |       |       |       |       |     6 |       |       |       |       ||     6
       Alistair's Intoxi |       |       |       |       |     2 |       |     1 |       |       ||     3
       Irradiate         |       |       |       |       |     1 |    10 |    19 |    43 |    64 ||   137
       Olgreb's Toxic Ra |       |       |       |       |       |    99 |    84 |    79 |   127 ||   389
       Ignite Poison     |       |       |       |       |       |    93 |   115 |   104 |   163 ||   475
       Regeneration      |       |       |       |       |       |    32 |    33 |    33 |    28 ||   126
       Yara's Violent Un |       |       |       |       |       |     1 |     8 |     4 |     2 ||    15
       Apportation       |       |       |       |       |       |     1 |     2 |       |       ||     3
       Ozocubu's Refrige |       |       |       |       |       |       |     5 |    50 |    23 ||    78
       Dragon Form       |       |       |       |       |       |       |    29 |     9 |     6 ||    44
       Blink             |       |       |       |       |       |       |       |     2 |     5 ||     7
       Statue Form       |       |       |       |       |       |       |       |     3 |    47 ||    50
       Poison Arrow      |       |       |       |       |       |       |       |       |     6 ||     6
       Bolt of Fire      |       |       |       |       |       |       |       |       |     6 ||     6
Invok: Forget Spell      |       |       |       |       |       |     2 |       |       |       ||     2
       Divine Energy     |       |       |       |       |       |     1 |     2 |     3 |     2 ||     8
       Stop Divine Energ |       |       |       |       |       |     1 |     2 |     3 |     2 ||     8
 Abil: End Transformatio |       |       |       |     3 |     4 |    16 |    13 |    16 |     3 ||    55
       Breathe Fire      |       |       |       |       |       |       |    23 |     7 |     5 ||    35
Evoke: Wand              |       |       |       |    11 |    19 |     6 |     5 |     2 |     4 ||    47
  Use: Scroll            |       |       |     4 |    18 |    16 |    15 |    10 |    13 |    17 ||    93
       Potion            |       |       |       |     1 |    19 |     9 |     5 |     8 |     1 ||    43
 Stab: Sleeping          |     1 |     6 |     1 |    15 |    19 |     9 |    24 |     7 |    13 ||    95
       Confused          |       |       |     1 |       |     4 |       |     2 |       |       ||     7
       Distracted        |       |       |       |     1 |     2 |       |     2 |     3 |     5 ||    13
       Invisible         |       |       |       |       |     7 |     6 |       |     2 |       ||    15
  Eat: Chunk             |     3 |     9 |    17 |    32 |    60 |    34 |    78 |    69 |    64 ||   366
       Fruit             |       |     1 |     1 |       |     5 |     3 |     1 |     4 |       ||    15
       Royal jelly       |       |       |       |     1 |     1 |     5 |     2 |     3 |     2 ||    14
       Meat ration       |       |       |       |       |     2 |     2 |       |     1 |     1 ||     6
       Bread ration      |       |       |       |       |       |       |       |     2 |       ||     2
Armor: Robe              |    13 |    15 |     8 |    15 |       |       |       |       |       ||    51
       Skin              |     2 |     2 |    32 |     8 |    10 |       |    99 |    53 |   280 ||   486
       Leather armour    |       |       |       |    71 |   193 |       |       |       |       ||   264
       Ring mail         |       |       |       |       |    18 |   361 |   113 |   137 |    99 ||   728
       Troll leather arm |       |       |       |       |     3 |     2 |       |       |       ||     5
Dodge: Dodged            |    47 |    91 |   138 |   237 |   590 |   995 |   618 |   670 |  1229 ||  4615
Block: Other             |       |       |       |    40 |   108 |       |     1 |    19 |     4 ||   172
       Reflection        |       |       |       |     1 |     1 |     5 |    34 |    32 |    96 ||   169
       Buckler           |       |       |       |       |    12 |   139 |   149 |   333 |   332 ||   965
       Shield            |       |       |       |       |       |     1 |       |       |   962 ||   963
